[Event "Titled Tuesday Blitz November 01 Late 2022"]
[White "Korchmar, Vasiliy"]
[Black "Maksimovic, Bojan"]
[WhiteFideId "24131750"]
[BlackFideId "14408120"]
[WhiteElo "2370"]
[BlackElo "2447"]
[Result "0-1"]
[Round "08"]
[TimeControl "180+1"]
[Date "2022.11.01"]
[WhiteClock "0:00:04"]
[BlackClock "0:00:09"]

1. e4 g6 2. d4 Bg7 3. Nc3 d6 4. f4 a6 5. Nf3 Nd7 6. Bd3 c5 7. Be3 cxd4 8. Bxd4 Bxd4 9. Nxd4 Ngf6 10. Qe2 e5 11. fxe5 dxe5 12. Nf3 b5 13. O-O-O O-O 14. h4 Nh5 15. Qe3 Bb7 16. g4 Nf4 17. Nxe5 Nxe5 18. Qxf4 Qe7 19. g5 f6 20. Qg3 fxg5 21. hxg5 Nf3 22. Kb1 Qxg5 23. Qh3 Qe7 24. Nd5 Qg7 25. Qe6+ Kh8 26. Rh3 Ng5 27. Qg4 Nxh3 28. Qxh3 Bxd5 29. exd5 Rad8 30. Be4 Rf4 31. Bg2 h5 32. a3 Qf6 33. Qe3 Kh7 34. Qa7+ Kh6 35. Qc7 Qd6 36. Qa7 Rdf8 37. Re1 R4f7 38. Qd4 Qf6 39. Qd3 Qg5 40. Be4 Rf4 41. Re2 Re8 42. Rg2 Rg4 43. Re2 Qf4 44. d6 Rxe4 45. d7 Rd4 46. d8=Q Rxd8 47. Qxd8 Qf1+ 48. Ka2 Qxe2 49. Qh8+ Kg5 50. Qd8+ Kf4 51. Qf6+ Kg3 52. Qd6+ Kh3 53. Qxa6 Qc4+ 0-1


[Site "https://www.chess.com"]

[Event "Titled Tuesday Blitz November 01 Late 2022"]
[White "Krzyzanowski, Marcin"]
[Black "Zivkovic, Nemanja"]
[WhiteFideId "1132199"]
[BlackFideId "942154"]
[WhiteElo "2435"]
[BlackElo "2372"]
[Result "0-1"]
[Round "08"]
[TimeControl "180+1"]
[Date "2022.11.01"]
[WhiteClock "0:00:03"]
[BlackClock "0:00:22"]

1. d4 Nf6 2. Bf4 e6 3. c3 c5 4. Nf3 cxd4 5. cxd4 d6 6. Nc3 a6 7. e4 b5 8. e5 dxe5 9. dxe5 Qxd1+ 10. Rxd1 Nfd7 11. Ne4 Bb7 12. Nd6+ Bxd6 13. Rxd6 Bd5 14. Nd4 Nc5 15. b4 Ne4 16. Rxd5 exd5 17. Bd3 O-O 18. f3 Nc3 19. Bd2 Na4 20. f4 Nd7 21. Nc6 Rfe8 22. Ke2 Nab6 23. Be3 Nc4 24. Bd4 Rac8 25. Bf5 Rc7 26. Rc1 f6 27. Bxd7 Rxd7 28. Kf2 fxe5 29. Nxe5 Rde7 30. Rc3 Rf8 31. Kg3 Re6 32. h4 h5 33. Rd3 Nd6 34. Kf3 Nf5 35. Bf2 Rd8 36. g4 hxg4+ 37. Kxg4 Nh6+ 38. Kf3 Nf5 39. Kg4 Ne7 40. Bc5 Nc6 41. Nf3 Re4 42. Ng5 Ne5+ 0-1


[Site "https://www.chess.com"]

[Event "Titled Tuesday Blitz November 01 Late 2022"]
[White "Kujawski, Adam"]
[Black "Curtis, John"]
[WhiteFideId "1100920"]
[BlackFideId "3200256"]
[WhiteElo "2091"]
[BlackElo "2203"]
[Result "1-0"]
[Round "08"]
[TimeControl "180+1"]
[Date "2022.11.02"]
[WhiteClock "0:00:43"]
[BlackClock "0:00:13"]

1. e4 e5 2. Nf3 Nc6 3. Bb5 a6 4. Ba4 Nf6 5. O-O b5 6. Bb3 Be7 7. d4 d6 8. dxe5 Nxe5 9. Nxe5 dxe5 10. Qxd8+ Bxd8 11. a4 bxa4 12. Bxa4+ Bd7 13. Nc3 Be7 14. Bg5 c6 15. Bxf6 gxf6 16. Bb3 Bc5 17. Rfd1 Bd4 18. Ne2 Bxb2 19. Ra2 Bd4 20. Nxd4 exd4 21. Rxd4 a5 22. Bxf7+ Kxf7 23. Rxd7+ Ke6 24. Rd3 Rhb8 25. f3 Rb4 26. Kf2 c5 27. Rda3 a4 28. c3 Rb1 29. Rxa4 Rxa4 30. Rxa4 Rb3 31. Ra6+ Ke5 32. Ra7 h5 33. Rh7 Rxc3 34. Rxh5+ Ke6 35. h4 Rc1 36. Rh8 Rh1 37. h5 Kd7 38. Ke3 Ke7 39. g4 Kf7 40. Rc8 Rc1 41. Rc7+ Kg8 42. Kf4 c4 43. Kf5 c3 44. Kg6 Kf8 45. Kxf6 Ke8 46. f4 c2 47. f5 Kd8 48. Rc3 Rg1 49. Rxc2 Rxg4 50. h6 Rxe4 51. Rh2 Re8 52. h7 Rf8+ 53. Kg7 Rf7+ 54. Kxf7 Kd7 1-0


[Site "https://www.chess.com"]

[Event "Titled Tuesday Blitz November 01 Late 2022"]
[White "Lazavik, Denis"]
[Black "Mahdavi, Reza"]
[WhiteFideId "13515110"]
[BlackFideId "12595926"]
[WhiteElo "2437"]
[BlackElo "2240"]
[Result "1-0"]
[Round "08"]
[TimeControl "180+1"]
[Date "2022.11.01"]
[WhiteClock "0:02:39"]
[BlackClock "0:01:47"]

1. d4 Nf6 2. c4 g6 3. g3 Bg7 4. Bg2 O-O 5. Nc3 d6 6. Nf3 Nbd7 7. O-O e5 8. e4 exd4 9. Nxd4 Re8 10. h3 a6 11. Be3 Ne5 12. b3 Nfd7 13. Qc2 Nc5 14. Rad1 h5 15. Nde2 Bd7 16. f4 Nc6 17. Bxc5 dxc5 18. e5 Qc8 19. Kh2 Bf5 20. Qd2 Nb4 21. Nd5 Nc6 22. Qe3 h4 23. g4 Nxe5 24. fxe5 Bxe5+ 25. Kh1 Bd4 26. Qf3 1-0


[Site "https://www.chess.com"]

[Event "Titled Tuesday Blitz November 01 Late 2022"]
[White "Lehtosaari, Mauri"]
[Black "Rosenberg, Evan S"]
[WhiteFideId "501999"]
[BlackFideId "2019299"]
[WhiteElo "2497"]
[BlackElo "2379"]
[Result "1-0"]
[Round "08"]
[TimeControl "180+1"]
[Date "2022.11.02"]
[WhiteClock "0:00:06"]
[BlackClock "0:00:34"]

1. d4 d5 2. Nf3 Bf5 3. c4 e6 4. Nc3 Nf6 5. Bg5 Nc6 6. e3 h6 7. Bh4 a6 8. Qb3 Na5 9. Qa4+ c6 10. c5 Be7 11. Nd2 b5 12. cxb6 Qxb6 13. b3 O-O 14. Be2 c5 15. O-O cxd4 16. Qxd4 Qxd4 17. exd4 Bb4 18. Ncb1 Rfc8 19. a3 Bxd2 20. Nxd2 Rc2 21. Rfd1 Rxd2 22. Rxd2 Nxb3 23. Rda2 Nxa1 24. Rxa1 Ne4 25. Be7 a5 26. h3 Ra7 27. Bd8 Nc3 28. Bf1 Nb5 29. Bxb5 Rb7 30. a4 Ra7 31. Bb6 Ra8 32. Rc1 Kh7 33. f3 f6 34. Kf2 e5 35. Ke3 exd4+ 36. Kxd4 Be6 37. Rc7 Kg6 38. g4 h5 39. Re7 Bc8 40. Re8 Bb7 41. Rxa8 Bxa8 42. Bxa5 hxg4 43. hxg4 Kg5 44. Bd2+ Kh4 45. a5 Kg3 46. Ke3 d4+ 47. Kxd4 Kxf3 48. g5 fxg5 49. Bxg5 Kg4 50. Be7 g5 51. Kc5 Kf5 52. Bc6 Ke6 53. Bxg5 1-0


[Site "https://www.chess.com"]

[Event "Titled Tuesday Blitz November 01 Late 2022"]
[White "Li, Ben"]
[Black "Tomaszewski, Kacper"]
[WhiteFideId "2089980"]
[BlackFideId "1127373"]
[WhiteElo "2267"]
[BlackElo "2211"]
[Result "1-0"]
[Round "08"]
[TimeControl "180+1"]
[Date "2022.11.02"]
[WhiteClock "0:00:40"]
[BlackClock "0:00:09"]

1. d4 Nf6 2. c4 e6 3. Nf3 d5 4. Nc3 c5 5. cxd5 Nxd5 6. e4 Nxc3 7. bxc3 cxd4 8. cxd4 Bb4+ 9. Bd2 Bxd2+ 10. Qxd2 O-O 11. Bd3 b6 12. O-O Bb7 13. Rad1 Nd7 14. Rfe1 h6 15. h3 Re8 16. Bb5 a6 17. Ba4 b5 18. Bb3 Rc8 19. d5 Nc5 20. dxe6 fxe6 21. Bc2 Qxd2 22. Rxd2 Re7 23. Ne5 Rcc7 24. f4 Nd7 25. Ng6 Re8 26. Red1 Nf6 27. e5 Nd5 28. Bb3 Ne3 29. Rd8 Rxd8 30. Rxd8+ Kf7 31. Nh8+ Ke7 32. Rg8 Nf5 33. g4 Rc1+ 34. Kf2 Bd5 35. gxf5 Bxb3 36. axb3 exf5 37. Rxg7+ Ke6 38. Rg6+ Kd5 39. Nf7 Ke4 40. e6 Rc2+ 41. Ke1 Kf3 42. Ne5+ Kxf4 43. e7 Rc8 44. Re6 Re8 45. Nf7 1-0


[Site "https://www.chess.com"]

[Event "Titled Tuesday Blitz November 01 Late 2022"]
[White "Luxama, Jacques Muller"]
[Black "Gunduz, Umut Erdem"]
[WhiteFideId "11900113"]
[BlackFideId "6381383"]
[WhiteElo "1931"]
[BlackElo "2182"]
[Result "0-1"]
[Round "08"]
[TimeControl "180+1"]
[Date "2022.11.02"]
[WhiteClock "0:00:08"]
[BlackClock "0:00:29"]

1. d4 Nf6 2. c4 c5 3. dxc5 e6 4. e3 Bxc5 5. Nf3 O-O 6. Be2 Nc6 7. O-O d5 8. cxd5 exd5 9. Nc3 Be6 10. b3 Qa5 11. Bb2 Rad8 12. a3 d4 13. exd4 Nxd4 14. b4 Nxf3+ 15. Bxf3 Bxf2+ 16. Kh1 Qg5 17. Qe2 Bb6 18. Bxb7 Ng4 19. Qf3 Qh4 20. Qg3 Nf2+ 21. Rxf2 Qxg3 22. hxg3 Bxf2 23. Ne4 Bd4 24. Bxd4 Rxd4 25. Rc1 Rfd8 26. Rc2 Bf5 27. Re2 Bxe4 28. Bxe4 Re8 29. Bxh7+ Kf8 30. Rxe8+ Kxe8 31. b5 Rd1+ 32. Kh2 g6 33. a4 Kf8 34. Bxg6 fxg6 35. g4 Rd4 36. Kg3 g5 37. a5 Ra4 38. b6 Rxa5 39. b7 Rb5 40. b8=Q+ Rxb8 41. Kf3 Rb4 42. g3 a5 43. Ke3 a4 44. Kd3 a3 45. Kc3 Rb8 46. Kc2 a2 47. Kd3 a1=Q 48. Ke4 Qe1+ 49. Kf5 Rb5+ 50. Kg6 Qe8+ 51. Kh7 Rb7+ 52. Kh6 Qe6+ 53. Kxg5 Rg7+ 54. Kf4 Rf7+ 55. Kg5 Qf6+ 56. Kh5 Rh7# 0-1


[Site "https://www.chess.com"]

[Event "Titled Tuesday Blitz November 01 Late 2022"]
[White "Malka, Samuel"]
[Black "Haszon, David"]
[WhiteFideId "20643675"]
[BlackFideId "733610"]
[WhiteElo "2456"]
[BlackElo "2211"]
[Result "1-0"]
[Round "08"]
[TimeControl "180+1"]
[Date "2022.11.02"]
[WhiteClock "0:00:13"]
[BlackClock "0:00:03"]

1. d4 Nf6 2. c4 g6 3. Nc3 d5 4. Nf3 Bg7 5. Qb3 dxc4 6. Qxc4 Be6 7. Qa4+ Bd7 8. Qa3 O-O 9. e4 Bg4 10. Be3 Nc6 11. d5 Bxf3 12. gxf3 Ne5 13. Be2 c6 14. Rd1 cxd5 15. Nxd5 Nxd5 16. Rxd5 Qc8 17. Qb3 e6 18. Rc5 Qd8 19. f4 Nc6 20. e5 Nd4 21. Qd1 b6 22. Rc1 Nxe2 23. Qxd8 Rfxd8 24. Kxe2 Rac8 25. Rxc8 Rxc8 26. Rc1 Rxc1 27. Bxc1 Kf8 28. Ke3 Ke8 29. b4 Kd7 30. b5 Bf8 31. Ke4 Bb4 32. a4 Be7 33. Be3 Kc7 34. Bd4 Bf8 35. f3 Be7 36. h3 h5 37. Bc3 Bc5 38. Be1 Kd7 39. Bh4 Be7 40. Bf2 Bd8 41. a5 bxa5 42. Bxa7 Be7 43. Kd4 a4 44. Kc4 Kc7 45. Be3 a3 46. Kb3 Kb7 47. Bd4 Bf8 48. Be3 Kc7 49. Bd4 Kb7 50. Ka4 Bh6 51. Kxa3 Bxf4 52. Kb4 Bd2+ 53. Kc5 Kc7 54. b6+ Kd7 55. Kb5 g5 56. Ka6 Kc8 57. Ka7 1-0


[Site "https://www.chess.com"]

[Event "Titled Tuesday Blitz November 01 Late 2022"]
[White "Manolache, Marius"]
[Black "Bacrot, Etienne"]
[WhiteFideId "1201530"]
[BlackFideId "605506"]
[WhiteElo "2364"]
[BlackElo "2666"]
[Result "1-0"]
[Round "08"]
[TimeControl "180+1"]
[Date "2022.11.02"]
[WhiteClock "0:00:48"]
[BlackClock "0:00:06"]

1. d4 d5 2. c4 e6 3. Nc3 Ke7 4. e3 Nf6 5. Bd3 Ke8 6. Nf3 b6 7. b3 Bb7 8. O-O Nbd7 9. Bb2 Be7 10. Rc1 a6 11. Ne5 Nxe5 12. dxe5 Nd7 13. Qg4 Nxe5 14. Qe2 Bd6 15. Rcd1 dxc4 16. Be4 Qh4 17. f4 Bxe4 18. Nxe4 Qg4 19. Rf2 Qxe2 20. Rxe2 Nd7 21. Bxg7 Rg8 22. Bb2 cxb3 23. axb3 Ke7 24. Red2 Ra7 25. Nxd6 cxd6 26. Rxd6 Rb8 27. Ba3 Nc5 28. Rxb6 Rc8 29. Rc1 Rac7 30. Rxa6 Kf6 31. Rxc5 Rxc5 32. Bxc5 Rxc5 33. Kf2 Rb5 34. Ra3 h5 35. Kf3 e5 36. h3 exf4 37. exf4 Kf5 38. g4+ hxg4+ 39. hxg4+ Ke6 40. Ke3 Rb4 41. Kf3 Kd5 42. Kg3 Ke6 43. f5+ Ke5 44. Kh4 Kf4 45. Ra4 1-0


[Site "https://www.chess.com"]

[Event "Titled Tuesday Blitz November 01 Late 2022"]
[White "Marchesich, Giovanni"]
[Black "Gasparyan, David"]
[WhiteFideId "2824790"]
[BlackFideId "13311980"]
[WhiteElo "2200"]
[BlackElo "2349"]
[Result "0-1"]
[Round "08"]
[TimeControl "180+1"]
[Date "2022.11.02"]
[WhiteClock "0:00:30"]
[BlackClock "0:00:21"]

1. d4 f5 2. Nc3 Nf6 3. Bg5 d5 4. e3 c6 5. Bd3 e6 6. Qf3 Bd6 7. Nge2 Nbd7 8. O-O-O b5 9. Nf4 Qe7 10. h3 a5 11. g4 g6 12. gxf5 gxf5 13. Nh5 Bb7 14. Rhg1 O-O-O 15. Ne2 Qf7 16. Nef4 Rde8 17. Rg2 Ne4 18. Bxe4 dxe4 19. Qe2 Nb6 20. Rdg1 e5 21. dxe5 Bxe5 22. Bh6 Qxa2 23. c3 Nc4 24. Bg7 Rhg8 25. Bxe5 Rxg2 26. Rxg2 Qa1+ 27. Kc2 Qxb2+ 28. Kd1 Qb1# 0-1


[Site "https://www.chess.com"]

[Event "Titled Tuesday Blitz November 01 Late 2022"]
[White "Martinez Alcantara, Jose Eduardo"]
[Black "Suleymanli, Aydin"]
[WhiteFideId "3805662"]
[BlackFideId "13413937"]
[WhiteElo "2703"]
[BlackElo "2481"]
[Result "1-0"]
[Round "08"]
[TimeControl "180+1"]
[Date "2022.11.01"]
[WhiteClock "0:00:21"]
[BlackClock "0:00:04"]

1. e4 e5 2. Nf3 Nc6 3. Bb5 Nf6 4. Qe2 g6 5. d3 Qe7 6. c3 Bg7 7. Bg5 O-O 8. Nbd2 h6 9. Bh4 Qe6 10. Bc4 Qe8 11. Bxf6 Bxf6 12. a3 d6 13. h4 Nd8 14. h5 Kg7 15. Qe3 Rh8 16. Nf1 Ne6 17. Bxe6 Bxe6 18. Ng3 Qb5 19. Qe2 Bg4 20. Nf1 Bxh5 21. Rxh5 gxh5 22. Ng3 Kf8 23. Nxh5 Ke7 24. Ng3 Rag8 25. Nf5+ Kd8 26. g3 Kc8 27. O-O-O h5 28. Kb1 Qb3 29. Nd2 Qe6 30. Rh1 Bg5 31. Nf3 Bd8 32. c4 Rg4 33. Nd2 Rg5 34. Qf3 Kb8 35. Nf1 c6 36. N1e3 Bb6 37. Ng2 d5 38. cxd5 cxd5 39. Rc1 dxe4 40. dxe4 Rc8 41. Rxc8+ Kxc8 42. Ne1 Kb8 43. Nd3 f6 44. Nb4 Rg8 45. Nd5 Rc8 46. Qxh5 Qc6 47. Qd1 Qc4 48. f3 Qc5 49. Nxf6 Ka8 50. Nd7 Qc7 51. Nf6 Bd4 52. Nxd4 exd4 53. Qxd4 Qxg3 54. Qe3 Qe5 55. Nd5 Qh2 56. Qd3 Qf2 57. Ka2 Kb8 58. Nc3 a6 59. e5 Ka7 60. Na4 Qe1 61. Qd4+ Kb8 62. Qd6+ Ka7 63. Qd4+ Kb8 64. Nb6 Rc6 65. Nd5 Qc1 66. Nc3 Qf1 67. f4 Qc4+ 68. Qxc4 Rxc4 69. f5 Rc5 70. f6 Rxe5 71. Kb3 Rf5 72. Ne4 Kc7 73. Kc3 Kc6 74. Kd4 b5 75. b4 Kc7 76. Nc3 Kd6 77. Ne4+ Kc6 78. Nc5 Rf4+ 79. Ke5 Rxf6 80. Kxf6 a5 81. Ke5 axb4 82. axb4 1-0


[Site "https://www.chess.com"]

[Event "Titled Tuesday Blitz November 01 Late 2022"]
[White "Mekhitarian, Krikor Sevag"]
[Black "Rosen, Eric"]
[WhiteFideId "2107660"]
[BlackFideId "2032562"]
[WhiteElo "2614"]
[BlackElo "2362"]
[Result "0-1"]
[Round "08"]
[TimeControl "180+1"]
[Date "2022.11.02"]
[WhiteClock "0:00:01"]
[BlackClock "0:00:04"]

1. e4 c5 2. Nf3 d6 3. d4 Nf6 4. Nc3 cxd4 5. Nxd4 g6 6. g3 Bg7 7. Bg2 O-O 8. O-O Bd7 9. Re1 Nc6 10. Nde2 Rc8 11. Bg5 Re8 12. Nd5 Nxd5 13. exd5 Ne5 14. c3 Qb6 15. Qb3 Qa6 16. Qd1 Nd3 17. Rf1 Nxb2 18. Qd2 Nc4 19. Qc1 Ne5 20. Nd4 Qd3 21. Rd1 Qxc3 22. Qxc3 Rxc3 23. Rab1 b6 24. h3 Nd3 25. Be3 Nc5 26. Nc6 Bxc6 27. dxc6 Rc8 28. Rb4 Kf8 29. h4 h5 30. g4 hxg4 31. Rxg4 Ne6 32. h5 gxh5 33. Rh4 Nd8 34. Rxh5 Nxc6 35. Be4 Ne5 36. Kg2 Ra3 37. Rdh1 Ke8 38. Rh7 Bf6 39. Bf5 e6 40. Bb1 Ke7 41. R7h3 Rg8+ 42. Kf1 Nc4 43. Bc1 Rxh3 44. Rxh3 Ne5 45. Ra3 a5 46. Rb3 Nd7 47. Be3 Rh8 48. Ke2 Rb8 49. Bd3 Nc5 50. Bxc5 dxc5 51. Bc4 Bd4 52. f3 Kd6 53. Kd3 Kc6 54. Bb5+ Kc7 55. Rb1 Rg8 56. Re1 Rg3 57. Ke4 Kd6 58. Bc4 f5+ 59. Kf4 Rg2 60. Rxe6+ Kd7 61. Rxb6 Rc2 62. Bd3 Rc3 63. Bxf5+ Kc7 64. Ra6 Ra3 65. Be6 Be3+ 66. Ke4 Kb7 67. Rd6 Bc1 68. f4 Ra4+ 69. Kd3 Bxf4 70. Bd5+ Kc7 71. Rc6+ Kd7 72. Rxc5 Kd6 73. Rb5 Be5 74. Bb3 Rd4+ 75. Kc2 a4 76. Bf7 Kc6 77. Rb8 Rf4 0-1


[Site "https://www.chess.com"]

[Event "Titled Tuesday Blitz November 01 Late 2022"]
[White "Melikhov, Evgeny V."]
[Black "McConnell, Griffin"]
[WhiteFideId "4122046"]
[BlackFideId "30942551"]
[WhiteElo "2169"]
[BlackElo "2332"]
[Result "1/2-1/2"]
[Round "08"]
[TimeControl "180+1"]
[Date "2022.11.02"]
[WhiteClock "0:00:09"]
[BlackClock "0:00:12"]

1. d4 d5 2. c4 Nc6 3. e3 e5 4. dxe5 d4 5. a3 Nge7 6. Nf3 dxe3 7. Qxd8+ Nxd8 8. Bxe3 Ng6 9. Nc3 Bg4 10. Be2 c6 11. O-O-O Ne6 12. Rhe1 Bxf3 13. gxf3 Be7 14. Ne4 Nxe5 15. f4 Nd7 16. f5 Nec5 17. Nxc5 Nxc5 18. Bxc5 Bxc5 19. Bh5+ Be7 20. Re2 Rc8 21. f6 gxf6 22. Rg1 Kf8 23. Rge1 Rc7 24. Bg4 Rg8 25. Bf5 h5 26. h3 Rg5 27. Be4 Rc5 28. Bd3 a5 29. Kc2 a4 30. Kc3 b6 31. Re4 f5 32. Rf4 Bf6+ 33. Kc2 Rd7 34. Rxf5 Rxf5 35. Bxf5 Rd4 36. Re4 Rxe4 37. Bxe4 c5 38. b4 axb3+ 39. Kxb3 Ke7 40. Ka4 Kd6 41. Kb5 Kc7 42. Bd5 Bd4 43. f3 f6 44. a4 h4 45. Be6 Be3 46. Bf5 Bd4 47. Be6 Be3 48. Bf5 Bd4 49. Be6 1/2-1/2


[Site "https://www.chess.com"]

[Event "Titled Tuesday Blitz November 01 Late 2022"]
[White "Melikyan, Gnel"]
[Black "Mendez Fortes, Eduardo Jesus"]
[WhiteFideId "54109990"]
[BlackFideId "3502376"]
[WhiteElo "2138"]
[BlackElo "2307"]
[Result "0-1"]
[Round "08"]
[TimeControl "180+1"]
[Date "2022.11.02"]
[WhiteClock "0:00:30"]
[BlackClock "0:00:19"]

1. e4 e5 2. Nf3 Nc6 3. Bc4 Nf6 4. d3 Bc5 5. O-O O-O 6. c3 d6 7. a4 a6 8. b4 Ba7 9. Be3 h6 10. Nbd2 Ne7 11. Qe2 Ng6 12. g3 Bg4 13. Rfe1 c6 14. a5 d5 15. exd5 cxd5 16. Bxa7 Rxa7 17. Bb3 Ra8 18. h3 Bxf3 19. Qxf3 Qd7 20. c4 Qxh3 21. cxd5 Qd7 22. Ne4 Nxe4 23. Qxe4 Qd6 24. Rac1 Rac8 25. Rc4 Rcd8 26. Rc5 f5 27. Qc4 f4 28. Qe4 Rf6 29. d4 exd4 30. g4 f3 31. Qxd4 Rf4 32. Re4 Rdf8 33. Bc2 Qd7 34. Rxf4 Nxf4 35. Kf1 Qxg4 36. Qe3 Qh3+ 0-1


[Site "https://www.chess.com"]

[Event "Titled Tuesday Blitz November 01 Late 2022"]
[White "Mickiewicz, Piotr"]
[Black "Salman, Pavel"]
[WhiteFideId "1114891"]
[BlackFideId "24153753"]
[WhiteElo "2246"]
[BlackElo "2187"]
[Result "0-1"]
[Round "08"]
[TimeControl "180+1"]
[Date "2022.11.02"]
[WhiteClock "0:00:01"]
[BlackClock "0:00:22"]

1. e4 d6 2. d4 Nf6 3. Nc3 g6 4. f3 Bg7 5. Be3 c6 6. Qd2 b5 7. h4 h5 8. Nh3 Nbd7 9. Ng5 Nb6 10. a4 Nc4 11. Bxc4 bxc4 12. a5 Qc7 13. d5 Rb8 14. Ra2 cxd5 15. exd5 Bf5 16. Bd4 O-O 17. O-O Qd7 18. Re1 Rb7 19. a6 Rc7 20. Kh2 Rb8 21. g3 Ne8 22. Bxg7 Nxg7 23. Qd4 Bxc2 24. Re2 Bd3 25. Rd2 Nf5 26. Qf2 Rc5 27. Ra1 Rb3 28. Re1 Ra5 29. Ne6 Rxa6 30. Nd4 Rb7 31. Nxf5 Qxf5 32. Rg1 Rab6 33. Rg2 a5 34. Qd4 Qe5 35. Qf2 Rb4 36. Kh3 a4 37. g4 a3 38. bxa3 Rb3 39. Ne4 Bxe4 40. gxh5 Rxf3+ 0-1


[Site "https://www.chess.com"]

[Event "Titled Tuesday Blitz November 01 Late 2022"]
[White "Moreno Perez, Tobias Sebastian"]
[Black "Castella Garcia, Fausto"]
[WhiteFideId "186716"]
[BlackFideId "3501922"]
[WhiteElo "2527"]
[BlackElo "2246"]
[Result "0-1"]
[Round "08"]
[TimeControl "180+1"]
[Date "2022.11.02"]
[WhiteClock "0:00:11"]
[BlackClock "0:00:09"]

1. Nf3 c5 2. b3 g6 3. Bb2 Nf6 4. Bxf6 exf6 5. c4 d5 6. cxd5 Qxd5 7. Nc3 Qd8 8. e3 f5 9. Bc4 Bg7 10. O-O O-O 11. Rc1 Nd7 12. d4 Nb6 13. dxc5 Nxc4 14. Qxd8 Rxd8 15. bxc4 Be6 16. Nb5 Rac8 17. Nd6 Rc7 18. Nd4 Bd7 19. N4b5 Rc6 20. Nxb7 Rb8 21. N5d6 Bf8 22. Na5 Rxc5 23. Ndb7 Rc7 24. c5 Bc6 25. Nd6 Ba8 26. Nb3 Bd5 27. Rfd1 Bxb3 28. axb3 Rxb3 29. Ne8 Rxc5 30. g3 Rxc1 31. Rxc1 Rb8 32. Nf6+ Kg7 33. Nd7 Ra8 34. Rc7 a5 35. Rb7 a4 36. Ne5 a3 37. Rb1 a2 38. Ra1 Bb4 0-1


[Site "https://www.chess.com"]

[Event "Titled Tuesday Blitz November 01 Late 2022"]
[White "Myers, Dominique"]
[Black "Simonovic, Miroslav"]
[WhiteFideId "2041715"]
[BlackFideId "919152"]
[WhiteElo "1986"]
[BlackElo "2043"]
[Result "0-1"]
[Round "08"]
[TimeControl "180+1"]
[Date "2022.11.02"]
[WhiteClock "0:01:17"]
[BlackClock "0:00:36"]

1. d4 Nf6 2. Nf3 c5 3. e3 b6 4. Be2 Bb7 5. O-O g6 6. c3 Bg7 7. Nbd2 O-O 8. a3 a5 9. Nc4 d5 10. Nce5 e6 11. Qc2 Nbd7 12. Rd1 Nxe5 13. Nxe5 Nd7 14. Nxd7 Qxd7 15. Bf3 c4 16. b3 b5 17. a4 cxb3 18. Qxb3 bxa4 19. Qxa4 Bc6 20. Qa2 Rfb8 21. Ba3 f5 22. Rdc1 Bb5 23. c4 Bxc4 24. Rxc4 dxc4 25. Bxa8 Rxa8 26. Qxc4 Qd5 27. Qxd5 exd5 28. Rc1 a4 29. g3 Bf8 30. Ra1 Bxa3 31. Rxa3 Kf7 32. Kf1 Ke6 33. Ke2 Kd6 34. Kd3 Kc6 35. Kc3 Kb5 36. Ra1 Rc8+ 37. Kb2 Kb4 38. Rb1 Rc3 39. Ka2+ Rb3 40. Rc1 Rc3 41. Rb1+ Kc4 42. Rd1 Rc2+ 43. Ka3 Rxf2 44. Rc1+ Kd3 45. Rc5 Ke4 46. h4 Rf3 47. Rc7 Rxe3+ 48. Kxa4 Kxd4 49. Rxh7 Rxg3 50. Rg7 Rg4 51. Kb3 f4 52. Kc2 Ke3 53. Re7+ Kf2 54. Re6 Kg2 55. Kd3 f3 56. Ke3 f2 57. Rf6 Re4+ 0-1


[Site "https://www.chess.com"]

[Event "Titled Tuesday Blitz November 01 Late 2022"]
[White "O`Gorman, Tom"]
[Black "Sanchez, Robert"]
[WhiteFideId "2508249"]
[BlackFideId "2034360"]
[WhiteElo "2271"]
[BlackElo "2400"]
[Result "1-0"]
[Round "08"]
[TimeControl "180+1"]
[Date "2022.11.02"]
[WhiteClock "0:00:49"]
[BlackClock "0:00:08"]

1. e4 e6 2. d4 d5 3. Bd3 c5 4. exd5 Qxd5 5. Nc3 Qxd4 6. Nb5 Qd8 7. Bf4 Na6 8. Nf3 Nf6 9. Qe2 Be7 10. O-O-O Qb6 11. Ne5 O-O 12. a4 Nd5 13. Bg3 Nab4 14. Be4 a6 15. Nc4 Qd8 16. Nc7 Bd7 17. Nxa8 Qxa8 18. Bxd5 Nxd5 19. Rxd5 exd5 20. Qxe7 dxc4 21. Qxd7 b5 22. f3 Rd8 23. Qe7 Qd5 24. Re1 h6 25. axb5 axb5 26. Qe4 Qd2+ 27. Kb1 c3 28. Bf4 Qxg2 29. bxc3 b4 30. cxb4 cxb4 31. Be5 b3 32. cxb3 Qd2 33. Bb2 Rd3 34. Rc1 Rd8 35. h4 Qg2 36. Qg4 Qd2 37. Qxg7# 1-0


[Site "https://www.chess.com"]

[Event "Titled Tuesday Blitz November 01 Late 2022"]
[White "Ozer, Omer Faruk"]
[Black "Rorrer, Grayson"]
[WhiteFideId "6354564"]
[BlackFideId "30944996"]
[WhiteElo "2260"]
[BlackElo "2130"]
[Result "0-1"]
[Round "08"]
[TimeControl "180+1"]
[Date "2022.11.01"]
[WhiteClock "0:00:26"]
[BlackClock "0:00:13"]

1. e4 c5 2. Nf3 d6 3. d4 cxd4 4. Nxd4 Nf6 5. Nc3 a6 6. Nb3 e6 7. g4 b5 8. g5 Nfd7 9. Bg2 Be7 10. f4 Nc6 11. O-O Bb7 12. f5 O-O 13. h4 Nde5 14. a4 b4 15. Ne2 exf5 16. exf5 Qb6+ 17. Kh1 Ng4 18. Qe1 Nce5 19. Qg3 Bxg2+ 20. Qxg2 Rac8 21. Nf4 Bd8 22. Nd5 Qc6 23. Bd2 Qxc2 24. Rac1 Qxb3 25. Rxc8 Nd3 26. Nxb4 Nxb4 27. Qxg4 Qd3 28. Qf4 Nd5 29. Qf2 Qe4+ 30. Qg2 Qxh4+ 31. Kg1 Bb6+ 0-1


[Site "https://www.chess.com"]

[Event "Titled Tuesday Blitz November 01 Late 2022"]
[White "Paravyan, David"]
[Black "Zhigalko, Sergei"]
[WhiteFideId "4194985"]
[BlackFideId "13502956"]
[WhiteElo "2555"]
[BlackElo "2662"]
[Result "1-0"]
[Round "08"]
[TimeControl "180+1"]
[Date "2022.11.01"]
[WhiteClock "0:00:40"]
[BlackClock "0:00:01"]

1. e4 c5 2. Nf3 Nc6 3. Nc3 Nf6 4. Bb5 Qc7 5. O-O Nd4 6. Bc4 e6 7. h3 a6 8. a4 Be7 9. Re1 d6 10. d3 O-O 11. Nxd4 cxd4 12. Ne2 Nxe4 13. Nxd4 Nf6 14. a5 d5 15. Bb3 h6 16. Qf3 Re8 17. Bf4 Qc5 18. c3 Bd7 19. Bd1 Nh7 20. Qg3 Bg5 21. Bd6 Qc8 22. Nf3 Bf6 23. d4 Ng5 24. Ne5 Be7 25. Bxe7 Rxe7 26. Bc2 Bb5 27. Qh4 Qd8 28. Re3 Rc7 29. Qh5 Qf6 30. Ng4 Qf4 31. Rae1 Rf8 32. h4 f5 33. Nxh6+ gxh6 34. hxg5 hxg5 35. Rxe6 Rg7 36. Rh6 1-0


[Site "https://www.chess.com"]

[Event "Titled Tuesday Blitz November 01 Late 2022"]
[White "Pavlidou, Ekaterini"]
[Black "Ardila, Oscar Humberto"]
[WhiteFideId "4213262"]
[BlackFideId "4404742"]
[WhiteElo "2125"]
[BlackElo "1898"]
[Result "1-0"]
[Round "08"]
[TimeControl "180+1"]
[Date "2022.11.02"]
[WhiteClock "0:02:28"]
[BlackClock "0:01:05"]

1. d4 Nf6 2. c4 e6 3. Nc3 Bb4 4. e3 Bxc3+ 5. bxc3 O-O 6. Bd3 c5 7. e4 d6 8. Ne2 Nc6 9. O-O Qe8 10. f4 h6 11. e5 dxe5 12. fxe5 Nd7 13. Bxh6 gxh6 14. Rf6 Nxf6 15. exf6 Qd8 16. Qf1 e5 17. Qf3 Re8 18. Qg3+ 1-0


[Site "https://www.chess.com"]

[Event "Titled Tuesday Blitz November 01 Late 2022"]
[White "Petrova, Irina"]
[Black "Sabar, Ethmane Daouda"]
[WhiteFideId "14124122"]
[BlackFideId "19600097"]
[WhiteElo "2023"]
[BlackElo "1950"]
[Result "1-0"]
[Round "08"]
[TimeControl "180+1"]
[Date "2022.11.02"]
[WhiteClock "0:00:20"]
[BlackClock "0:00:16"]

1. e4 c5 2. Nf3 Nc6 3. Bb5 e5 4. Bxc6 dxc6 5. d3 Bg4 6. h3 Bxf3 7. Qxf3 Nf6 8. Nc3 h6 9. Be3 Qc7 10. a4 b6 11. O-O a5 12. Ne2 Be7 13. Ng3 g6 14. Qe2 Bd6 15. Qd2 h5 16. Ne2 h4 17. f4 exf4 18. Bxf4 Nh5 19. Bxd6 Qxd6 20. Rae1 O-O 21. Qg5 Qd8 22. Qxd8 Raxd8 23. Nf4 Ng3 24. Rf3 Kg7 25. Ne2 Nxe2+ 26. Rxe2 c4 27. dxc4 Rd4 28. b3 Re8 29. e5 Re6 30. Rd3 c5 31. Rxd4 cxd4 32. Re4 g5 33. Kf2 Kg6 34. Kf3 f5 35. exf6 Rxf6+ 36. Ke2 Rf4 37. Rxf4 gxf4 38. Kd3 Kf5 39. Kxd4 f3 40. gxf3 Kf4 41. c5 bxc5+ 42. Kxc5 Kxf3 43. b4 Kg3 44. bxa5 Kxh3 45. a6 Kg3 46. a7 h3 47. a8=Q h2 48. Qh1 Kh3 49. Qxh2+ Kxh2 50. a5 Kg3 51. a6 Kf4 52. a7 Ke3 53. a8=Q Kd2 54. Qd8+ Kc1 55. c4 Kb2 56. Kb4 Kc2 57. c5 Kc1 58. Qd3 Kb2 59. Qc3+ Kb1 60. Qd2 Ka1 61. Kb3 Kb1 62. Qb2# 1-0


[Site "https://www.chess.com"]